 Dungeon Crawl Stone Soup version 0.27.1-2-g3b301248ec (webtiles) character file.

Game seed: 1629579141590050009

12 Borgoz the Skirmisher (level 2, -1/28 HPs)
             Began as a Gargoyle Berserker on Sept 26, 2021.
             Was a Follower of Trog.
             Slain by a killer bee (2 damage)
             ... on level 4 of the Dungeon.
             The game lasted 00:00:26 (1277 turns).

Borgoz the Skirmisher (Gargoyle Berserker)          Turns: 1277, Time: 00:00:27

Health: -1/28      AC:  5    Str: 20    XL:     2   Next: 33%
Magic:  2/2        EV: 12    Int:  7    God:    Trog [*.....]
Gold:   43         SH:  0    Dex:  9    Spells: 1/1 levels left

rFire    . . .     SeeInvis .   a - +0 mace
rCold    . . .     Faith    .   (no shield)
rNeg     + . .     Spirit   .   b - +0 animal skin
rPois    ∞         Reflect  .   (no helmet)
rElec    +         Harm     .   (no cloak)
rCorr    .         Rampage  .   (no gloves)
Will     .....                  (no boots)
Stlth    ..........             (no amulet)
HPRegen  0.09/turn              (no ring)
MPRegen  0.08/turn              (no ring)

@: berserking (expiring), very quick
A: sickness immunity, AC +2, negative energy resistance 1, electricity
resistance, torment resistance 1, petrification resistance
a: Renounce Religion, Berserk


You were on level 4 of the Dungeon.
You worshipped Trog.
Trog was aware of your devotion.
You visited 1 branch of the dungeon, and saw 3 of its levels.

You collected 43 gold pieces.

Inventory:

Hand Weapons
 a - a +0 mace (weapon)
Armour
 b - a +0 animal skin (worn)
Scrolls
 g - a scroll of torment {unknown}
 h - a scroll of magic mapping {unknown}
 i - a scroll of teleportation {unknown}
Potions
 c - a potion of curing {unknown}
 d - a potion of degeneration {unknown}
 e - a potion of ambrosia {unknown}
 f - a potion of attraction {unknown}


   Skills:
 + Level 3.5 Fighting
 + Level 3.1 Maces & Flails
 + Level 2.5 Armour
 + Level 1.8 Dodging


You had one spell level left.
You didn't know any spells.
Your spell library was empty.

Dungeon Overview and Level Annotations

Branches:
Dungeon (2/15)

Altars:


Innate Abilities, Weirdness & Mutations

You are immune to sickness and miasma.
Your stone body is resilient. (AC +2)
You are immune to poison.
You resist negative energy. (rN+)
You are resistant to electric shocks. (rElec)
You are resistant to unholy torment.
You are immune to petrification.


Message History

You sock the killer bee!
The killer bee is heavily wounded.
The killer bee stings you! The scorpion closely misses you.
You barely miss the killer bee. The scorpion stings you.
You are too injured to fight recklessly!
You are too injured to fight recklessly!
You are too injured to fight recklessly!
You are too injured to fight recklessly!
You are too injured to fight recklessly!
You are too injured to fight recklessly!
You are too injured to fight recklessly!
You are too injured to fight recklessly!
You are too injured to fight recklessly!
You are too injured to fight recklessly!
You are too injured to fight recklessly!
You are too injured to fight recklessly!
You are too injured to fight recklessly!
You are too injured to fight recklessly!
You are too injured to fight recklessly!
You are too injured to fight recklessly!
You are too injured to fight recklessly!
You are too injured to fight recklessly!
You sock the scorpion!
The scorpion is severely wounded.
The killer bee stings you.
* * * LOW HITPOINT WARNING * * *
The killer bee stings you.
* * * LOW HITPOINT WARNING * * *
The killer bee closely misses you. The scorpion stings you.
* * * LOW HITPOINT WARNING * * *
You closely miss the scorpion.
The scorpion is severely wounded.
The killer bee closely misses you. The killer bee barely misses you. x2
The killer bee stings you.
* * * LOW HITPOINT WARNING * * *
The scorpion closely misses you.
You hit the scorpion.
The scorpion is almost dead.
The killer bee stings you.
You die...

##
..
#.
..
#.
.#
#.#.
#...
#yy#
#ys#
#y@#
#..#
#..#
#..#
#..#
#..#
#..#
#..#
#..#


You could see a scorpion and 4 killer bees.

Vanquished Creatures
  2 endoplasms
  2 giant cockroaches (D:1)
  2 hobgoblins (D:1)
  2 kobolds (D:1)
  A bat (D:1)
  A rat (D:2)
10 creatures vanquished.

Notes
Turn   | Place    | Note
-------+----------+-------------------------------------------
     0 | D:1      | Borgoz the Gargoyle Berserker began the quest for the Orb.
     0 | D:1      | Reached XP level 1. HP: 14/14 MP: 1/1
   557 | D:1      | Reached XP level 2. HP: 16/19 MP: 2/2
  1265 | D:2      | You fall into a shaft and drop 2 floors!
  1268 | D:4      | Noticed a scorpion
  1269 | D:4      | Noticed a killer bee
  1269 | D:4      | Noticed a killer bee
  1269 | D:4      | Noticed a killer bee
  1270 | D:4      | Noticed a killer bee
  1276 | D:4      | HP: 1/28 [killer bee (1)]
  1277 | D:4      | Slain by a killer bee

Illustrated notes

Levels and vault maps discovered:
D:1:      lightli_arrival_flooded_house, layout_loops_ring
D:2:      layout_basic, serial_shops, shop, st_stairs_5, minmay_curled_crystal
D:4:      layout_loops_ring, minmay_hollow_rounded_squares

Action                   || total
-------------------------++-------
Melee: Mace              ||    37
Invok: Berserk           ||     1
 Stab: Sleeping          ||     1
Armor: Animal skin       ||     9
Dodge: Dodged            ||    23
